AoeStats
← Ultimate_Boredom

Nomad

508385335Analyzed
3v3 RM · 11d ago on Sep 22, 2026· 48m 37s· 6 players
Game mode
Random Map
Map size
210×210
Population
200
Speed
Normal
Resources
Standard
Victory
Conquest
Starting age
Dark Age
Ending age
Imperial Age
RankedLock teamsTeams togetherTeam positionsShared explorationLock speedFull tech treeHidden civsTurbo modeCheats
Victory
Defeat
🇻🇳 Wu · Vietnam
1414
+12
🇺🇸 Celts · United States
1362
+14
🇺🇸 Spanish · United States
1256
+17
🇦🇺 Dravidians · Australia
1333
-15
🇨🇳 Persians · China
1318
-15
🇬🇧 Wei · United Kingdom
1271
-13
GI
3:12 Loom
13:22 Feudal Age
13:58 Gold Mining
14:44 Double-Bit Axe
18:35 Wheelbarrow
24:28 Castle Age
22:22 Horse Collar
23:49 Town Watch
26:14 Hand Cart
26:11 Bow Saw
27:16 Fletching
28:34 Stone Mining
28:55 Heavy Plow
35:55 Imperial Age
33:35 Bodkin Arrow
34:04 Ballistics
34:15 Town Patrol
36:06 Padded Archer Armor
36:52 Bracer
38:03 Chemistry
37:38 Leather Archer Armor
38:27 Thumb Ring
39:32 Murder Holes
39:48 Masonry
Ultimate_Boredom
8:20 Loom
13:53 Feudal Age
14:16 Horse Collar
14:44 Fishing Lines
16:54 Double-Bit Axe
21:05 Castle Age
19:24 Forging
19:19 Scale Barding Armor
21:16 Wheelbarrow
20:56 Bloodlines
21:08 Gold Mining
21:54 Husbandry
22:23 Bow Saw
22:16 Heavy Plow
22:37 Gillnets
23:27 Iron Casting
23:38 Town Watch
24:26 Chain Barding Armor
29:59 Fletching
35:39 Imperial Age
37:56 Blast Furnace
37:14 Heavy Hei Guang Cavalry
40:53 Hand Cart
42:39 Conscription
JieX
4:32 Loom
8:36 Loom
10:46 Feudal Age
11:14 Double-Bit Axe
13:16 Scale Barding Armor
18:26 Forging
22:09 Horse Collar
24:51 Castle Age
25:24 Bloodlines
25:37 Chain Barding Armor
25:32 Heavy Plow
29:40 Bow Saw
32:45 Wheelbarrow
31:55 Town Watch
32:30 Husbandry
32:32 Fletching
33:19 Iron Casting
34:56 Gold Mining
40:48 Imperial Age
41:31 Gold Shaft Mining
42:37 Plate Barding Armor
43:43 Blast Furnace
42:06 Light Cavalry
43:20 Cavalier
pimentbd
4:24 Loom
12:24 Feudal Age
16:27 Castle Age
16:16 Forging
17:22 Medium Warships
19:53 Wheelbarrow
19:03 Town Watch
22:10 Double-Bit Axe
25:35 Iron Casting
27:00 Hand Cart
29:50 Bow Saw
30:41 Fishing Lines
31:22 Gambesons
30:57 Man-at-Arms
31:24 Arson
31:56 Horse Collar
32:28 Gillnets
36:08 Imperial Age
34:26 Heavy Plow
33:59 Long Swordsman
34:45 Scale Mail Armor
35:49 Chain Mail Armor
36:10 Two-Handed Swordsman
37:23 Plate Mail Armor
38:21 Blast Furnace
37:21 Champion
42:15 Fletching
44:47 Conscription
46:58 Furor Celtica
46:40 Stronghold
47:26 Hoardings
48:29 Pikeman
motivationman23
6:28 Loom
14:42 Feudal Age
25:43 Castle Age
24:37 Stone Mining
24:53 Padded Archer Armor
26:55 Leather Archer Armor
27:02 Pikeman
27:46 Scale Mail Armor
28:24 Gold Mining
29:10 Chain Mail Armor
29:09 Forging
32:32 Fletching
39:36 Bodkin Arrow
40:40 Elite Skirmisher
46:37 Imperial Age
46:56 Double-Bit Axe
Secretary E
10:58 Loom
13:21 Feudal Age
13:52 Fishing Lines
16:57 Castle Age
15:08 Double-Bit Axe
17:31 Gillnets
17:59 Bow Saw
18:34 Medium Warships
20:13 Wheelbarrow
20:25 Town Watch
23:11 Clinker Construction
22:58 Pikeman
24:03 Stone Mining
24:04 Gold Mining
25:11 Hand Cart
24:46 Horse Collar
25:32 Fletching
26:21 Heavy Plow
26:38 Bodkin Arrow
27:26 Squires
28:13 Scale Mail Armor
28:45 Murder Holes
29:53 Gold Shaft Mining
29:52 Ballistics
29:57 Padded Archer Armor
33:35 Imperial Age
32:32 Stone Shaft Mining
32:51 Leather Archer Armor
32:47 Red Cliffs Tactics
35:25 Chemistry
35:12 Bracer
35:41 Elite Fire Archer
37:31 Conscription
42:46 Leather Archer Armor
44:00 Forging
46:13 Coinage
48:12 Banking
Connection lost

Rejoining the realm…

Still unreachable

The connection could not be restored.

Session expired

The server has moved on; the page needs a fresh start.